 Dungeon Crawl Stone Soup version 0.28-a0-932-g843f935a50 (webtiles) character file.

Game seed: 12255136674922592447

149 GenialerGandalf the Sneak (level 5, -3/36 HPs)
             Began as an Octopode Monk on Nov 27, 2021.
             Slain by a gnoll sergeant (4 damage)
             ... on level 4 of the Dungeon.
             The game lasted 00:05:33 (2585 turns).

GenialerGandalf the Sneak (Octopode Monk)           Turns: 2585, Time: 00:05:34

Health: -3/36      AC:  1    Str: 11    XL:     5   Next: 31%
Magic:  5/5        EV: 13    Int: 13    God:
Gold:   89         SH:  4    Dex: 14    Spells: 4/4 levels left

rFire   . . .      SeeInvis .   a - +1 spear
rCold   . . .      Faith    .   h - +0 buckler
rNeg    . . .      Spirit   .   (helmet restricted)
rPois   .          Reflect  .   (no amulet)
rElec   .          Harm     .   i - ring of wizardry
rCorr   .          Rampage  .   (no ring)
Will    .....                   (no ring)
Stlth   ++++......              (no ring)
HPRegen 0.12/turn               (no ring)
MPRegen 0.09/turn               (no ring)
                                (no ring)
                                (no ring)

@: no status effects
A: almost no armour, amphibious, 8 rings, camouflage 1, gelatinous body 1,
(nimble swimmer 1), tentacles
a: no special abilities


You were on level 4 of the Dungeon.
You visited 1 branch of the dungeon, and saw 4 of its levels.

You collected 89 gold pieces.

Inventory:

Hand Weapons
 a - a +1 spear (weapon)
Armour
 h - a +0 buckler (worn)
Jewellery
 i - a ring of wizardry (left tentacle)
Wands
 j - a wand of paralysis (8)
Scrolls
 b - a scroll of teleportation
 e - a scroll of immolation {unknown}
 k - a scroll of summoning {unknown}
 m - a scroll of amnesia {unknown}
 n - a scroll of identify
Potions
 c - a potion of haste {unknown}
 d - 3 potions of curing
 f - a potion of magic {unknown}
 g - a potion of attraction {unknown}
 l - a potion of resistance {unknown}


   Skills:
 * Level 3.5 Fighting
 + Level 3.6 Polearms
 * Level 3.5 Dodging
 * Level 5.3 Stealth
 * Level 0.8 Shields


You had 4 spell levels left.
You didn't know any spells.
Your spell library contained the following spells:

 Spells                   Type           Power      Damage    Failure   Level
 Ensorcelled Hibernation  Hex/Ice        0%         N/A       26%         2
 Ozocubu's Armour         Ice            0%         N/A       45%         3
 Summon Ice Beast         Ice/Summ       0%         N/A       85%         4
 Iskenderun's Battlesphe  Conj           0%         2d6       99%         5
 Eringya's Noxious Bog    Tmut/Pois      0%         N/A       100%        6
 Iron Shot                Conj/Erth      0%         9d1       100%        6
 Ozocubu's Refrigeration  Ice            0%         4d5       100%        7
 Spellforged Servitor     Conj/Summ      0%         N/A       100%        7


Dungeon Overview and Level Annotations

Branches:
Dungeon (4/15)
 Temple: D:4-7

Altars:
Dithmenos
Nemelex Xobeh
Uskayaw


Innate Abilities, Weirdness & Mutations

You cannot wear most types of armour.
You are amphibious.
You can wear up to eight rings at the same time.
Your skin changes colour to match your surroundings (Stealth+).
Your rubbery body absorbs attacks. (AC +1, EV +1)
((You are camouflaged near water. (Stealth+)))
You have tentacles for arms and can constrict up to eight enemies at once.


Message History

An adder is nearby!
The adder hisses angrily.
You hear a shout!
A gnoll comes into view. It is wielding a +0 spear.
A gnoll comes into view.
It is wielding a +1 flail of distortion.
A gnoll sergeant comes into view. It is wielding a +4 vorpal spear.
The adder bites you but does no damage.
You miss the adder.
The gnoll sergeant shouts!
Your grab misses the adder. You squeeze the adder.
The adder is heavily wounded.
A gnoll comes into view. It is wielding a +0 whip.
You block the adder's attack.
You barely miss the adder. You grab the adder.
The adder is heavily wounded.
You constrict the adder. You block the adder's attack.
You barely miss the adder.
The adder is severely wounded.
You constrict the adder.
A gnoll comes into view. It is wielding a +0 flail.
You block the adder's attack.
The gnoll shouts!
You hit the adder.
You kill the adder!
You hit the gnoll. You grab the gnoll.
You squeeze the gnoll, but do no damage.
The gnoll is moderately wounded.
You constrict the gnoll. The gnoll misses you.
You hit the gnoll.
You squeeze the gnoll, but do no damage.
The gnoll is severely wounded.
You constrict the gnoll.
The gnoll sergeant hits you from afar with a +4 vorpal spear!
The gnoll barely misses you.
You hit the gnoll.
You kill the gnoll!
The gnoll sergeant hits you from afar with a +4 vorpal spear!
You are too injured to fight recklessly!
The gnoll sergeant hits you from afar with a +4 vorpal spear!
* * * LOW HITPOINT WARNING * * *
You die...

. .. ... ....
.....####
...g.gg.#
#g## #
###.#.##.# ##
#..###@..#
...
#.#.#.####
....##.#...##
.........#..#
............#
.......<..#)#
....#...###.#
. ##.## #.#
#. #.#


You could see a gnoll sergeant and 2 gnolls.

Vanquished Creatures
  A hound (D:3)
  2 gnolls
  4 adders
  2 worms
  3 dart slugs
  3 orcs (D:3)
  8 ball pythons
  4 endoplasms
  A giant cockroach (D:3)
  4 goblins
  6 hobgoblins
  2 jackals (D:3)
  A quokka (D:2)
  3 bats
  3 frilled lizards
  2 kobolds
  4 rats
53 creatures vanquished.

Notes
Turn   | Place    | Note
-------+----------+-------------------------------------------
     0 | D:1      | GenialerGandalf the Octopode Monk began the quest for the
                  | Orb.
     0 | D:1      | Reached XP level 1. HP: 16/16 MP: 1/1
   285 | D:1      | Reached XP level 2. HP: 21/21 MP: 2/2
   399 | D:1      | Got the Grimoire of Poisoning and the Glacier
   539 | D:1      | Reached skill level 3 in Stealth
   539 | D:1      | Reached XP level 3. HP: 22/26 MP: 3/3
   614 | D:1      | Found a faded altar of an unknown god.
   995 | D:2      | Found a shadowy altar of Dithmenos.
  1447 | D:3      | Reached XP level 4. HP: 31/31 MP: 4/4
  1478 | D:3      | Found a sparkling altar of Nemelex Xobeh.
  1478 | D:3      | Found a hide-covered altar of Uskayaw.
  1494 | D:3      | Reached skill level 4 in Stealth
  2298 | D:3      | Reached skill level 5 in Stealth
  2298 | D:3      | Reached XP level 5. HP: 29/36 MP: 5/5
  2585 | D:4      | HP: 1/36 [gnoll sergeant (15)]
  2585 | D:4      | Slain by a gnoll sergeant

Illustrated notes

Levels and vault maps discovered:
D:1:      sevenhm_arrival_forest_fort_small_3, layout_rooms,
          shapermc_ecumenical_altar_mp_vishouse, minmay_misc_feat_rows,
          minmay_pentomino_w2
D:2:      layout_loops_ring, basic_altar
D:3:      minmay_diamond_boxcup, layout_loops_ring,
          amethyst_overflow_temple_binary
D:4:      layout_loops_ring, uniq_robin, uniq_edmund

Skill      XL: |  1  2  3  4 |
---------------+-------------+-----
Stealth        | 3 5 |  5.3
Fighting       | |  3.5
Polearms       | |  3.6
Dodging        | |  3.5
Shields        | |  0.8

Action                   |  1- 3 |  4- 6 || total
-------------------------+-------+-------++-------
Melee: Spear             |    67 |    70 ||   137
       Constrict         |    15 |    16 ||    31
       Tentacles         |    10 |    10 ||    20
  Use: Scroll            |     3 |     2 ||     5
 Stab: Sleeping          |    12 |    12 ||    24
Armor: Skin              |     4 |     2 ||     6
Dodge: Dodged            |    16 |    23 ||    39
Block: Buckler           |       |     6 ||     6

Table legend: (Time is in decaauts)
 A = Elapsed time spent in this place.
 B = Non-inter-level travel time spent in this place.
 C = Inter-level travel time spent in this place.
 D = Time resting spent in this place.
 E = Time spent auto-exploring this place.
 F = Levels seen in this place.
 G = Mean time per level.
                   A        B        C        D        E       F      G
               +--------+--------+--------+--------+--------+-----+--------+
         Total |   2583 |   2519 |     64 |      0 |   2080 |   4 |  645.8 |
       Dungeon |   2583 |   2519 |     64 |      0 |   2080 |   4 |  645.8 |
               +--------+--------+--------+--------+--------+-----+--------+

Top non-repeatable levels by time:
     D:3: 1125 daAuts
     D:2: 733 daAuts
     D:1: 702 daAuts
     D:4: 21 daAuts
